 Dungeon Crawl Stone Soup version 0.25-a0-283-ge7e91ba8d0 (webtiles) character file.

Game seed: 6855189174664771535, levelgen mode: deterministic

64873 imorgonsnalla the Grappler (level 14, -8/196 HPs)
             Began as a Troll Fighter on Dec 11, 2019.
             Was the Champion of Okawaru.
             Mangled by an ogre
             ... wielding a +0 giant spiked club
              (11 damage)
             ... on level 1 of the Orcish Mines.
             The game lasted 00:47:35 (18597 turns).

imorgonsnalla the Grappler (Troll Fighter)         Turns: 18597, Time: 00:47:36

Health: -8/196     AC: 27    Str: 29    XL:     14   Next: 73%
Magic:  26/26      EV:  1    Int:  4    God:    Okawaru [******]
Gold:   2249       SH: 16    Dex: 16    Spells: 13/13 levels left

rFire    . . .     SeeInvis +     - Unarmed
rCold    . . .     Gourm    +   D - +4 shield "Jenudghecu" {SInv}
rNeg     + + +     Faith    .   (armour currently unavailable)
rPois    +         Spirit   .   (helmet currently unavailable)
rElec    .         Reflect  .   (cloak currently unavailable)
rCorr    .         Harm     .   (gloves unavailable)
MR       +....     NoTele   +   (boots unavailable)
Stlth    +.........             (no amulet)
HPRegen  0.82/turn              a - ring "Ehifem" {+Fly rC- Dex+3}
MPRegen  0.20/turn              L - ring "Xoxtast" {rC+ MP+9}

@: tree-form, very slightly contaminated
A: large, unfitting armour, fast metabolism 3, gourmand, regeneration 1, strong
1
a: Heroism, Finesse, Renounce Religion


You were on level 1 of the Orcish Mines.
You worshipped Okawaru.
Okawaru was exalted by your worship.
You were very full.
You were a tree.
You visited 3 branches of the dungeon, and saw 20 of its levels.
You also visited: Ice Cave and Volcano.

You collected 2319 gold pieces.
You spent 70 gold pieces at shops.

Inventory:

Hand Weapons
 i - a +5 eveningstar
 y - the +9 falchion of Precise Incision {slice, +Blink rElec rPois Str-3}
   (Okawaru gifted it to you on level 9 of the Dungeon)

   It inflicts extra damage upon your enemies.
   It affects your strength (-3).
   It insulates you from electricity.
   It protects you from poison.
   It lets you blink.
Missiles
 k - 31 boomerangs
 n - 17 large rocks (quivered)
Armour
 s - a +1 large shield
 v - the +2 hat of Ufaklev (melded) {+Blink Str+3 Dex-3}
   (Okawaru gifted it to you on level 12 of the Dungeon)

   It affects your strength (+3).
   It affects your dexterity (-3).
   It lets you blink.
 D - the +4 shield "Jenudghecu" (worn) {SInv}
   (You found it on level 7 of the Dungeon)

   It lets you see invisible.
 G - a +2 hat of see invisible
 H - the cursed +0 cloak "Rimour" (melded) {Int+4}
   (You found it on level 10 of the Dungeon)

   It affects your intelligence (+4).
   It has a curse placed upon it.
 O - +5 gold dragon scales (melded)
Jewellery
 a - the ring "Ehifem" (left branch) {+Fly rC- Dex+3}
   (You acquired it in a volcano)

   [ring of flight]

   It affects your dexterity (+3).
   It makes you vulnerable to cold.
   It lets you fly.
 L - the ring "Xoxtast" (right branch) {rC+ MP+9}
   (You found it on level 3 of the Lair of Beasts)

   [ring of magical power]

   It protects you from cold.
   It affects your magic capacity (+9).
 M - an uncursed ring of fire
Wands
 j - a wand of acid (7)
 o - a wand of digging (24)
 t - a wand of flame (9)
 x - a wand of iceblast (2)
 B - a wand of polymorph (12)
 F - a wand of enslavement (9)
Scrolls
 e - a scroll of blinking
 f - 6 scrolls of fog
 g - 2 scrolls of immolation
 h - 8 scrolls of remove curse
 p - 2 scrolls of identify
 q - a scroll of enchant weapon {unknown}
 r - 9 scrolls of teleportation
 C - a scroll of fear
 K - 4 scrolls of magic mapping
Potions
 b - 3 potions of agility
 c - 5 potions of flight
 l - a potion of brilliance
 m - 11 potions of curing
 u - a potion of lignification
 w - 3 potions of berserk rage
 z - a potion of magic
 A - 2 potions of ambrosia
 N - a potion of invisibility
 Q - a potion of mutation
Miscellaneous
 E - a lightning rod (1/4)
Comestibles
 d - 38 rations
 I - 3 chunks of flesh


   Skills:
 + Level 6.8 Fighting
 - Level 10.0 Throwing
 - Level 10.0 Armour
 - Level 7.3 Dodging
 - Level 9.1 Shields
 * Level 13.0 Unarmed Combat
 - Level 6.0 Invocations
 + Level 2.5 Evocations


You had 13 spell levels left.
You didn't know any spells.
Your spell library contained the following spells:

 Spells                   Type           Power        Failure   Level  Hunger
 Beastly Appendage        Tmut           #.....       50%         1    ##.....
 Confusing Touch          Hex            #.....       50%         1    ##.....
 Corona                   Hex            #......      50%         1    ##.....
 Magic Dart               Conj           #...         50%         1    ##.....
 Ensorcelled Hibernation  Hex/Ice        #.....       65%         2    ###....
 Searing Ray              Conj           #.....       65%         2    ###....
 Sticks to Snakes         Tmut           #.......     65%         2    ###....
 Confuse                  Hex            #.......     86%         3    ####...
 Dazzling Flash           Conj/Hex       #.....       86%         3    ####...
 Gell's Gravitas          Tloc           #.........   86%         3    ####...
 Spider Form              Tmut/Pois      #.........   86%         3    ####...
 Tukima's Dance           Hex            #.......     86%         3    ####...
 Fulminant Prism          Conj/Hex       #.........   99%         4    #####..
 Ice Form                 Ice/Tmut       #.......     99%         4    #####..
 Iskenderun's Mystic Bla  Conj/Tloc      #.......     99%         4    #####..
 Leda's Liquefaction      Hex/Erth       #.........   99%         4    #####..
 Petrify                  Tmut/Erth      #.......     99%         4    #####..
 Blade Hands              Tmut           #.........   100%        5    ######.
 Bolt of Magma            Conj/Fire/Erth #.........   100%        5    ######.
 Metabolic Englaciation   Hex/Ice        #.........   100%        5    ######.
 Yara's Violent Unravell  Hex/Tmut       #.........   100%        5    ######.
 Freezing Cloud           Conj/Ice/Air   #.........   100%        6    #######
 Iron Shot                Conj/Erth      #.........   100%        6    #######
 Ozocubu's Refrigeration  Ice            #.........   100%        6    #######
 Simulacrum               Ice/Necr       #.........   100%        6    #######
 Statue Form              Tmut/Erth      #........    100%        6    #######
 Shatter                  Erth           #.........   100%        9    #######


Dungeon Overview and Level Annotations

Branches:
Dungeon (12/15)            Temple (0/1) D:7            Lair (6/6) D:9
 Shoals (0/4) Lair:4       Spider (0/4) Lair:4        Slime (0/5) Lair:6
    Orc (2/2) D:11          IceCv (visited)         Volcano (visited)
    Elf: Orc:2

Altars:
Dithmenos
Elyvilon
Fedhas
Gozag
Hepliaklqana
Nemelex Xobeh
Okawaru
Ru
Sif Muna
Wu Jian

Shops:
D:6 ?   D:7 (   Orc:2 **(*


Innate Abilities, Weirdness & Mutations

You are too large for most types of armour.
((You have claws for hands.))
Your metabolism is lightning-fast.
You like to eat raw meat.
Your natural rate of healing is unusually fast.
((You are covered in fur. (AC +1)))
((You have extremely tough skin. (AC +3)))
((You have large cloven feet.))
((Your flesh is cold resistant. (rC+)))
((Your flesh is heat resistant. (rF+)))
Your muscles are strong. (Str +2)


Message History

Okay, then.
You're too confused!
Really quaff the potion of lignification?
You turn into a tree.
The cursed +0 cloak "Rimour" {Int+4} melds into your body.
The +2 hat of Ufaklev {+Blink Str+3 Dex-3} melds into your body.
Your +5 gold dragon scales melds into your body.
Your roots penetrate the ground.
You feel less invigorated.
You feel less confused.
The two-headed ogre hits you with a +0 giant club!
* * * LOW HITPOINT WARNING * * *
You block the two-headed ogre's attack. You block the ogre's attack.
You smack the two-headed ogre!
The two-headed ogre is heavily wounded.
The two-headed ogre is no longer moving quickly.
The two-headed ogre hits you with a +0 giant club!
* * * LOW HITPOINT WARNING * * *
You block the two-headed ogre's attack.
The ogre hits you with a +0 giant spiked club!
You die...

..#..## ### ##...#.##
......###.########.......##
.....#.#...##.##......#...#
........#..#...........#.###
.#..............[[[...####.##
..#.........#.#)).#.##.#....#
.............#)#.#..#......##
.....##.#.#.#....O..........#
....##.#...###..♣O..........#
...##...#.####...)#........##
...#...##.##.#..............#
...)...................<>..##
.......................#....#
)............#..............#
............#.....[[[.......#
..................[[[......##
..........#.#.#...........##


You could see a two-headed ogre and an ogre.

Vanquished Creatures
  Snorg (D:11)
  Josephine (Lair:6)
  Harold (D:7)
  A hydra (Lair:3)
  2 centaur warriors
  6 two-headed ogres
  A queen ant (Lair:2)
  An ogre mage (Orc:2)
  Erica (D:10)
  Urug (D:11)
  A hell knight (Volcano)
  Pikel (D:6)
  4 ugly things
  3 oklob plants
  An orc knight (Orc:1)
  2 orc sorcerers (Orc:1)
  A manticore (D:12)
  2 cyclopes
  3 ice statues (IceCv)
  18 elephants
  2 centaur zombies
  A molten gargoyle (Volcano)
  Maurice (Orc:2)
  2 black mambas
  A gargoyle (D:11)
  A centaur skeleton (D:11)
  6 spiny frogs
  3 rime drakes
  2 yaktaurs (Volcano)
  2 ice devils (D:12)
  6 komodo dragons
  7 polar bears
  3 jumping spiders (Lair:4)
  3 trolls
  A merfolk (Lair:4)
  4 hornets (Lair:6)
  9 hippogriffs
  10 blink frogs
  9 dream sheep (Lair:6)
  3 redbacks (Lair:4)
  A wyvern (Lair:3)
  3 wraiths (Lair:6)
  14 spriggans (Lair:6)
  A shadow (D:12)
  9 fire bats
  25 yaks
  2 basilisks
  Menkaure (D:4)
  A warg (Orc:1)
  10 soldier ants
  16 water moccasins
  Edmund (D:4)
  22 orc warriors
  5 porcupines
  11 ice beasts
  A sky beast (D:12)
  4 black bears
  3 phantoms
  3 boggarts (Lair:6)
  11 ogres
  2 slaves (D:6)
  13 wolves (Lair:6)
  8 centaurs
  10 crocodiles
  Blork the orc (D:4)
  20 bullfrogs
  2 gnoll sergeants
  2 scorpions (D:6)
  19 killer bees
  5 wights (D:7)
  4 crimson imps
  5 bullfrog zombies
  5 lava snakes (Volcano)
  11 hounds
  7 jellies
  11 orc priests
  14 orc wizards
  Crazy Yiuf (D:2)
  Jessica (D:3)
  3 iguanas
  Natasha (D:2)
  Terence (D:3)
  31 worker ants
  2 worker ant zombies
  Robin (D:2)
  7 gnolls
  13 adders
  A shadow imp (D:7)
  An ooze (D:1)
  3 adder skeletons
  An adder zombie (D:5)
  3 dart slugs
  4 leopard geckos
  81 orcs
  6 bats
  5 giant cockroaches
  14 goblins
  16 hobgoblins
  A kobold (D:2)
  5 quokkas
  2 ball pythons
  7 frilled lizards
  A jackal zombie (D:9)
  A leopard gecko zombie (D:5)
  A quokka zombie (D:5)
  9 rats
  A fungus (Lair:6)
  2 plants
637 creatures vanquished.

Vanquished Creatures (others)
  8 fungi
  2 plants (Lair:6)
10 creatures vanquished.

Grand Total: 647 creatures vanquished

Notes
Turn   | Place    | Note
-------+----------+-------------------------------------------
     0 | D:1      | imorgonsnalla the Troll Fighter began the quest for the
                  | Orb.
     0 | D:1      | Reached XP level 1. HP: 22/22 MP: 0/0
   148 | D:1      | Reached XP level 2. HP: 28/29 MP: 1/1
   745 | D:2      | Reached XP level 3. HP: 36/36 MP: 2/2
   748 | D:2      | Reached skill level 3 in Unarmed Combat
   781 | D:2      | Noticed Natasha
   874 | D:2      | Reached XP level 4. HP: 42/44 MP: 3/3
  1016 | D:2      | Found a runed translucent door.
  1017 | D:2      | Noticed Crazy Yiuf
  1029 | D:2      | Killed Crazy Yiuf
  1116 | D:2      | Found a sacrificial altar of Ru.
  1116 | D:2      | Noticed Robin
  1150 | D:2      | Killed Robin
  1151 | D:2      | Reached XP level 5. HP: 32/50 MP: 4/4
  1444 | D:2      | Reached skill level 4 in Unarmed Combat
  1644 | D:2      | Killed Natasha
  1778 | D:3      | Found a faded altar of an unknown god.
  1822 | D:3      | Noticed Terence
  1830 | D:3      | Killed Terence
  1990 | D:3      | Found a shimmering blue altar of Sif Muna.
  2052 | D:3      | Noticed Jessica
  2060 | D:3      | Killed Jessica
  2073 | D:3      | Noticed an ogre
  2083 | D:3      | Killed an ogre
  2083 | D:3      | Reached XP level 6. HP: 29/59 MP: 5/5
  2351 | D:3      | Reached skill level 5 in Unarmed Combat
  2487 | D:3      | Found an ornate altar of the Wu Jian Council.
  2795 | D:4      | Found an iron altar of Okawaru.
  2807 | D:4      | Became a worshipper of Warmaster Okawaru
  2813 | D:4      | Found a shadowy altar of Dithmenos.
  2861 | D:4      | Noticed Blork the orc
  2871 | D:4      | Killed Blork the orc
  2894 | D:4      | Noticed Menkaure
  2904 | D:4      | Killed Menkaure
  2904 | D:4      | Reached skill level 5 in Shields
  2904 | D:4      | Reached XP level 7. HP: 42/66 MP: 6/6
  3107 | D:4      | Reached * piety under Okawaru
  3107 | D:4      | Reached skill level 6 in Unarmed Combat
  3160 | D:4      | Gained mutation: You occasionally shout uncontrollably at
                  | your foes. [potion of mutation]
  3160 | D:4      | Gained mutation: You are frail. (-10% HP) [potion of
                  | mutation]
  3160 | D:4      | Gained mutation: Scrolls take you a little longer to read.
                  | [potion of mutation]
  3160 | D:4      | Gained mutation: Your muscles are strong. (Str +2) [potion
                  | of mutation]
  3170 | D:4      | Noticed Edmund
  3187 | D:4      | Killed Edmund
  3800 | D:5      | Entered Level 5 of the Dungeon
  3986 | D:5      | Reached XP level 8. HP: 66/66 MP: 7/7
  4003 | D:5      | Reached skill level 7 in Unarmed Combat
  4162 | D:5      | Reached ** piety under Okawaru
  4320 | D:5      | Found a white marble altar of Elyvilon.
  4609 | D:6      | Reached skill level 1 in Invocations
  4616 | D:6      | Reached skill level 8 in Unarmed Combat
  4709 | D:6      | Noticed Pikel
  4721 | D:6      | Killed Pikel
  4721 | D:6      | Reached *** piety under Okawaru
  4721 | D:6      | Reached XP level 9. HP: 33/72 MP: 9/9
  4964 | D:6      | Found Guuckisk's Magic Scroll Boutique.
  4970 | D:6      | Bought a scroll of identify for 28 gold pieces
  4970 | D:6      | Bought a scroll of teleportation for 42 gold pieces
  5279 | D:7      | Found a blossoming altar of Fedhas.
  5299 | D:6      | Reached skill level 9 in Unarmed Combat
  5378 | D:7      | Found a hazy altar of Hepliaklqana.
  5538 | D:7      | Reached **** piety under Okawaru
  5544 | D:7      | Found a sparkling altar of Nemelex Xobeh.
  5550 | D:7      | Reached skill level 1 in Throwing
  5615 | D:7      | Found a staircase to the Ecumenical Temple.
  5874 | D:7      | Noticed Harold
  5892 | D:7      | Killed Harold
  5892 | D:7      | Reached ***** piety under Okawaru
  5892 | D:7      | Reached XP level 10. HP: 42/79 MP: 10/12
  5895 | D:7      | Found an opulent altar of Gozag.
  6128 | D:7      | Lost mutation: You occasionally shout uncontrollably at
                  | your foes. [potion of mutation]
  6128 | D:7      | Lost mutation: You are frail. (-10% HP) [potion of
                  | mutation]
  6128 | D:7      | Lost mutation: Scrolls take you a little longer to read.
                  | [potion of mutation]
  6128 | D:7      | Gained mutation: Your flesh is heat resistant. (rF+)
                  | [potion of mutation]
  6128 | D:7      | Gained mutation: You have large cloven feet. [potion of
                  | mutation]
  6128 | D:7      | Gained mutation: Your flesh is cold resistant. (rC+)
                  | [potion of mutation]
  6210 | D:7      | Got a bloodstained shield
  6221 | D:7      | Identified the +4 shield "Jenudghecu" {SInv} (You found it
                  | on level 7 of the Dungeon)
  6368 | D:7      | Found Fubrasun's Antique Weapon Shoppe.
  6659 | D:8      | Reached skill level 5 in Invocations
  7268 | D:9      | Noticed a two-headed ogre
  7275 | D:9      | Killed a two-headed ogre
  7419 | D:9      | Received a gift from Okawaru
  7420 | D:9      | Reached skill level 5 in Throwing
  7442 | D:9      | Got a warped falchion {god gift}
  7443 | D:9      | Identified the +9 falchion of Precise Incision {slice,
                  | +Blink rElec rPois Str-3} (Okawaru gifted it to you on
                  | level 9 of the Dungeon)
  7490 | D:9      | Found a staircase to the Lair.
  7790 | D:9      | Noticed a centaur warrior
  7803 | D:9      | Killed a centaur warrior
  7984 | D:10     | Entered Level 10 of the Dungeon
  8226 | D:10     | Got a bloodstained cloak
  8237 | D:10     | Identified the cursed +0 cloak "Rimour" {Int+4} (You found
                  | it on level 10 of the Dungeon)
  8287 | D:10     | Reached XP level 11. HP: 94/94 MP: 14/14
  8719 | D:10     | Noticed Erica
  8741 | D:10     | Killed Erica
  8920 | D:11     | Noticed a red ugly thing
  8932 | D:11     | Killed a red ugly thing
  9057 | D:11     | Found a staircase to the Orcish Mines.
  9067 | D:11     | Reached ****** piety under Okawaru
  9099 | D:11     | Received a gift from Okawaru
  9163 | D:11     | Noticed Urug
  9191 | D:11     | Killed Urug
  9313 | D:11     | Noticed Snorg
  9323 | D:11     | Killed Snorg
  9336 | D:11     | Reached skill level 10 in Throwing
  9338 | D:11     | Noticed a two-headed ogre
  9346 | D:11     | Killed a two-headed ogre
 10063 | D:12     | Found a frozen archway.
 10086 | D:12     | Reached XP level 12. HP: 69/107 MP: 15/15
 10143 | IceCv    | Entered an ice cave
 10170 | IceCv    | Reached skill level 10 in Unarmed Combat
 10234 | IceCv    | Received a gift from Okawaru
 10429 | D:12     | Received a gift from Okawaru
 10434 | D:12     | Got a slimy hat {god gift}
 10445 | D:12     | Identified the +2 hat of Ufaklev {+Blink Str+3 Dex-3}
                  | (Okawaru gifted it to you on level 12 of the Dungeon)
 10767 | D:12     | Noticed a two-headed ogre
 10770 | D:12     | Killed a two-headed ogre
 10957 | D:12     | Reached skill level 5 in Fighting
 10957 | D:12     | Reached skill level 5 in Dodging
 11577 | Lair:1   | Entered Level 1 of the Lair of Beasts
 11779 | Lair:1   | You fall into a shaft and drop 1 floor!
 11806 | Lair:2   | Reached skill level 11 in Unarmed Combat
 12013 | Lair:2   | Noticed a queen ant
 12022 | Lair:2   | Killed a queen ant
 12655 | Lair:1   | Reached XP level 13. HP: 104/120 MP: 16/16
 13478 | Lair:3   | Received a gift from Okawaru
 13623 | Lair:3   | Reached skill level 12 in Unarmed Combat
 13884 | Lair:3   | Got a fine turquoise ring
 13885 | Lair:3   | Identified the ring "Xoxtast" {rC+ MP+9} (You found it on
                  | level 3 of the Lair of Beasts)
 13895 | Lair:3   | Received a gift from Okawaru
 14041 | Lair:3   | Reached skill level 1 in Armour
 14575 | Lair:4   | Found a staircase to the Shoals.
 14631 | Lair:4   | Found a hole to the Spider Nest.
 15661 | Lair:5   | Reached skill level 5 in Armour
 15728 | Lair:5   | You fall into a shaft and drop 1 floor!
 15728 | Lair:6   | Entered Level 6 of the Lair of Beasts
 15849 | Lair:6   | Found a dark tunnel.
 15860 | Volcano  | Entered a volcano
 15909 | Volcano  | Received a gift from Okawaru
 15985 | Volcano  | Found a radiant altar of Vehumet.
 16073 | Volcano  | Identified a scroll of acquirement
 16074 | Volcano  | Got a scorched brass ring
 16076 | Volcano  | Identified the ring "Ehifem" {+Fly rC- Dex+3} (You acquired
                  | it in a volcano)
 16332 | Lair:6   | Reached XP level 14. HP: 130/130 MP: 17/17
 16488 | Lair:6   | Received a gift from Okawaru
 16811 | Lair:6   | Received a gift from Okawaru
 16936 | Lair:6   | Found a staircase to the Slime Pits.
 16944 | Lair:6   | Noticed Josephine
 16952 | Lair:6   | Killed Josephine
 16952 | Lair:6   | Reached skill level 10 in Armour
 17278 | Lair:5   | Reached skill level 1 in Evocations
 17901 | Orc:1    | Entered Level 1 of the Orcish Mines
 18451 | Orc:2    | Entered Level 2 of the Orcish Mines
 18451 | Orc:2    | Found Siasap's Weapon Shop.
 18451 | Orc:2    | Found Allagija's General Store.
 18454 | Orc:2    | Found Meocu's General Store.
 18520 | Orc:2    | Noticed Maurice
 18546 | Orc:2    | Found Furualame's General Store.
 18580 | Orc:2    | Killed Maurice
 18594 | Orc:1    | Reached skill level 13 in Unarmed Combat
 18597 | Orc:1    | HP: 3/196 [two-headed ogre/+0 giant club (10)]
 18597 | Orc:1    | Mangled by an ogre

Levels and vault maps discovered:
D:1:      onia_arrival_mini_maze_b, layout_basic
D:2:      layout_loops_corners, old_standard_altar, uniq_natasha, uniq_robin,
          uniq_crazy_yiuf_cottage
D:3:      layout_basic, lemuel_blue_sif_altar, overflow_temple_1_default,
          chequers_ecumenical_altar_lobes, uniq_terence, uniq_jessica
D:4:      layout_basic, nicolae_dithmenos_the_darkroom,
          okawaru_ov_weapons_minmay, uniq_menkaure, uniq_blork_the_orc,
          uniq_edmund
D:5:      layout_rooms, nicolae_overflow_hidden_temple, first_ration
D:6:      layout_gridville, serial_shops, kennysheep_mini_moat, uniq_pikel
D:7:      layout_gridville, lemuel_crystal_altar, fedhas_ov_isle_minmay,
          lemuel_round_altar, kennysheep_mini, minmay_temple_entry_junction,
          serial_shops, nicolae_shop_crystal, uniq_harold
D:8:      layout_loops_ring, serial_glass, glass_columns_a, glass_columns_a,
          feat_on_display, feat_on_display, item_on_display_a,
          minmay_strange_pillars
D:9:      layout_basic, due_lair_maze_entry_diamond
D:10:     layout_stronghold, uniq_erica
D:11:     layout_basic, orc_0_dummy, uniq_urug, uniq_snorg
D:12:     layout_irregular_city, portal_ice_cave_demonic_guard
Lair:1:   layout_loops_ring
Lair:2:   layout_gridlike, minmay_another_anthill, grunt_megastairs_2,
          minmay_lair_oklob_chamber, serial_bayou_shore_b
Lair:3:   layout_regular_city, infiniplex_staircase_pool_2, lemuel_fruit_tree,
          lemuel_fruit_fields
Lair:4:   layout_cave_pods, elwin_shoals_entry_rooms,
          nicolae_spider_entry_tight_spaces
Lair:5:   layout_loops_ring, serial_bayou_shore_a
Lair:6:   minmay_lair_end_enchanted_forest, layout_long_grid,
          minmay_slime_entry_oklob_open, nicolae_volcano_entry_batcave,
          uniq_josephine
Orc:1:    layout_caves
Orc:2:    st_orc_ogre_mass, layout_caves, serial_shops, shop,
          nicolae_shop_overgrown_old_shop, shop, nicolae_shop_window_shopping,
          shop, uniq_maurice

Skill      XL: |  1  2  3  4  5  6  7  8  9 10 11 12 13 14 |
---------------+-------------------------------------------+-----
Shields        | 3 4 5 6 7 8 9 |  9.1
Unarmed Combat | 3 4 5 6 8 9 11 12 13 | 13.0
Invocations    | 2 4 6 |  6.0
Throwing       | 3 6 10 | 10.0
Fighting       | 3 6 |  6.8
Dodging        | 3 6 7 |  7.3
Armour         | 8 10 | 10.0
Evocations     | 2 |  2.5

Action                   |  1- 3 |  4- 6 |  7- 9 | 10-12 | 13-15 || total
-------------------------+-------+-------+-------+-------+-------++-------
Melee: Unarmed           |    92 |   172 |   313 |   703 |   824 ||  2104
       Kick              |       |       |       |   270 |   328 ||   598
Throw: Boomerang         |     6 |     5 |    23 |    22 |    27 ||    83
       Large rock        |       |       |       |    16 |    23 ||    39
Invok: Heroism           |       |       |       |     1 |     1 ||     2
Evoke: Wand              |       |       |     8 |     5 |     4 ||    17
       Lightning rod     |       |       |       |     3 |     3 ||     6
  Use: Potion            |       |     1 |     3 |    10 |     2 ||    16
       Scroll            |       |       |     8 |    18 |    10 ||    36
 Stab: Sleeping          |       |       |     1 |       |       ||     1
       Invisible         |       |       |       |     5 |       ||     5
  Eat: Chunk             |    13 |    19 |    27 |    63 |    46 ||   168
       Ration            |       |       |       |       |     2 ||     2
Armor: Robe              |    30 |    52 |    53 |    69 |       ||   204
       Troll leather arm |       |       |       |    24 |     3 ||    27
       Gold dragon scale |       |       |       |       |   404 ||   404
Dodge: Dodged            |    30 |    58 |    44 |   131 |   198 ||   461
Block: Shield            |    30 |    76 |       |   361 |   658 ||  1125
       Large shield      |       |    11 |   268 |    32 |       ||   311

Table legend:
 A = Non-vault XP
 B = Vault XP
 C = Vault XP percentage of total XP
 D = Non-vault monster count
 E = Vault monster count
 F = Vault count percentage of total count
                 A         B        C        D         E       F
            +---------+---------+-------+---------+---------+-------
      Total |   56905 |   35772 |  38.6 |     469 |     163 |  25.8
            +---------+---------+-------+---------+---------+-------
        D:1 |      36 |       0 |   0.0 |      20 |       0 |   0.0
        D:2 |      97 |     116 |  54.5 |      20 |      15 |  42.9
        D:3 |     186 |      73 |  28.2 |      22 |       2 |   8.3
        D:4 |     320 |     422 |  56.9 |      12 |       3 |  20.0
        D:5 |     725 |       0 |   0.0 |      37 |       0 |   0.0
        D:6 |    1274 |     617 |  32.6 |      22 |       1 |   4.3
        D:7 |    1695 |    1023 |  37.6 |      33 |       1 |   2.9
        D:8 |     627 |       0 |   0.0 |      22 |       0 |   0.0
        D:9 |    2398 |    1015 |  29.7 |      14 |      10 |  41.7
       D:10 |     760 |     892 |  54.0 |      14 |       1 |   6.7
       D:11 |    6724 |    2008 |  23.0 |      45 |       2 |   4.3
       D:12 |    4868 |     670 |  12.1 |      27 |       2 |   6.9
     Lair:1 |    4320 |       0 |   0.0 |      20 |       0 |   0.0
     Lair:2 |    3602 |    3612 |  50.1 |      18 |      31 |  63.3
     Lair:3 |    4350 |       0 |   0.0 |      18 |       0 |   0.0
     Lair:4 |    2318 |    1855 |  44.5 |      10 |       7 |  41.2
     Lair:5 |    8156 |       0 |   0.0 |      23 |       0 |   0.0
     Lair:6 |    9804 |   11860 |  54.7 |      33 |      50 |  60.2
      Orc:1 |    3287 |     882 |  21.2 |      27 |       1 |   3.6
      Orc:2 |    1358 |    3463 |  71.8 |      32 |       7 |  17.9
      IceCv |       0 |    2620 | 100.0 |       0 |      11 | 100.0
    Volcano |       0 |    4644 | 100.0 |       0 |      19 | 100.0
            +---------+---------+-------+---------+---------+-------
